 Dungeon Sprint DCSS version 0.29-a0-732-g3d7fbe0af2 (webtiles) character file.

Game seed: 505523230489334022

296 manyhoops the Fighter (level 5, -5/62 HPs)
             Began as a Demigod Fighter on June 29, 2022.
             Slain by a wyvern (14 damage)
             ... in the Dungeon (Sprint II: "The Violet Keep of Menkaure").
             The game lasted 00:01:13 (391 turns).

manyhoops the Fighter (Demigod Fighter)              Turns: 391, Time: 00:01:14

Health: -5/62      AC:  6    Str: 17    XL:     5   Next: 87%
Magic:  7/7        EV:  8    Int: 14    God:
Gold:   486        SH:  4    Dex: 13    Spells: 4/4 levels left

rFire   . . .      SeeInvis .   a - +0 war axe
rCold   . . .      Faith    .   c - +0 buckler
rNeg    . . .      Spirit   .   b - +0 scale mail
rPois   .          Reflect  .   (no helmet)
rElec   .          Harm     .   (no cloak)
rCorr   .          Rampage  .   (no gloves)
Will    .....      NoTele   +   (no boots)
Stlth   ..........              (no amulet)
HPRegen 0.20/turn               (no ring)
MPRegen 0.10/turn               (no ring)

@: no status effects
A: high MP 1, forlorn, divine attributes
a: no special abilities


You were in the Dungeon.
You visited 1 branch You collected 486 gold pieces.

Inventory:

Hand Weapons
 a - a +0 war axe (weapon)
Armour
 b - a +0 scale mail (worn)
 c - a +0 buckler (worn)
Scrolls
 j - a scroll of blinking
Potions
 h - 2 potions of magic


   Skills:
 - Level 12.0 Fighting
 - Level 1.7 Axes
 - Level 2.6 Armour
 - Level 2.6 Shields


You had 4 spell levels left.
You didn't know any spells.
Your spell library was empty.

Dungeon Overview and Level Annotations

Branches:
Dungeon (1/1)

Annotations:
D Roxanne


Innate Abilities, Weirdness & Mutations

You have an increased reservoir of magic. (+10% MP)
You shall have no god before yourself.
Your divine heritage dramatically boosts your attributes as you level up.


Message History

You now have 486 gold pieces (gained 243).
There are no items here.
As you close the door, it creaks loudly!
You start resting.
HP restored.
There is an open door here.
There is a staircase leading out of the dungeon here.
As you open the door, it creaks loudly! 2 boulder beetles come into view.
Found 243 gold pieces.
As you close the door, it creaks loudly!
As you open the door, it creaks loudly! 2 wyverns come into view.
The wyvern hisses angrily. x2
Found 243 gold pieces.
Okay, then.
You hit the wyvern.
The wyvern is lightly wounded.
You block the wyvern's attack. The wyvern closely misses you.
You slash the wyvern!
The wyvern is moderately wounded.
You block the wyvern's attack. The wyvern bites you!
You closely miss the wyvern.
The wyvern is moderately wounded.
The wyvern barely misses you. The wyvern bites you.
You hit the wyvern.
The wyvern is heavily wounded.
You block the wyvern's attack. The wyvern barely misses you.
You hit the wyvern.
The wyvern is severely wounded.
The wyvern bites you! x2; The wyvern bites you.
You closely miss the wyvern.
The wyvern is severely wounded.
The wyvern bites you but does no damage.
The wyvern bites you!
* * * LOW HITPOINT WARNING * * *
You barely miss the wyvern.
The wyvern is heavily wounded.
The wyvern closely misses you. The wyvern bites you!
You die...

... #+## #.##
##..# # #..#### #
##. #'###.# .#
#..B##.##..##..#
#+.<.'##.+..#
#$.B##@##..##....#
##. #l###.# .....
# l#$ ### .... .#
#. ≈.. ## ## §. ≈


You could see 2 wyverns.

Vanquished Creatures
  Menkaure (D)
  4 scorpions (D)
  2 worms (D)
7 creatures vanquished.

Vanquished Creatures (others)
  A water moccasin (D)
1 creature vanquished.

Grand Total: 8 creatures vanquished

Notes
Turn   | Place    | Note
-------+----------+-------------------------------------------
     0 | D        | manyhoops the Demigod Fighter began the quest for the Orb.
     0 | D        | Reached XP level 1. HP: 18/18 MP: 3/3
    12 | D        | Reached skill level 3 in Fighting
    18 | D        | Reached skill level 4 in Fighting
    48 | D        | Noticed Roxanne
    57 | D        | Noticed a scorpion
    57 | D        | Noticed a scorpion
    57 | D        | Noticed a scorpion
    57 | D        | Noticed a scorpion
    62 | D        | Killed a scorpion
    63 | D        | Reached skill level 7 in Fighting
    63 | D        | Reached XP level 2. HP: 22/34 MP: 4/4
    63 | D        | Reached XP level 3. HP: 25/39 MP: 5/5
    67 | D        | Killed a scorpion
    68 | D        | Reached skill level 9 in Fighting
    68 | D        | Reached XP level 4. HP: 11/50 MP: 6/6
    74 | D        | Reached skill level 10 in Fighting
    74 | D        | Reached XP level 5. HP: 19/59 MP: 7/7
    79 | D        | Reached skill level 11 in Fighting
    82 | D        | Noticed Menkaure
    91 | D        | Killed Menkaure
    92 | D        | Reached skill level 12 in Fighting
   370 | D        | Killed a water moccasin
   381 | D        | Noticed a boulder beetle
   381 | D        | Noticed a boulder beetle
   384 | D        | Noticed a wyvern
   384 | D        | Noticed a wyvern
   391 | D        | Slain by a wyvern

Illustrated notes

Levels and vault maps discovered:
D:        the_violet_keep_of_menkaure [sprint2_stairs_cluster_1,
          sprint2_shoproom, sprint2_temple, sprint2_basic_supplies,
          sprint2_obstacle_5, sprint2_obstacle_4, sprint2_obstacle_6,
          sprint2_obstacle_1, sprint2_obstacle_3, sprint2_timed_cluster_1,
          sprint2_smallroom_cluster_1, sprint2_smallroom_final_cluster_1,
          sprint2_transparent_cluster_1, sprint2_second_timed_cluster_1,
          sprint2_sniper_area_1, sprint2_heavy_combat_area_1,
          sprint2_mutation_trap_area_1, sprint2_forest_area_1,
          sprint2_light_combat_area_1, sprint2_behind_water_1,
          sprint2_near_end_vault_1]

Skill      XL: |  1  2  3  4  5 |
---------------+----------------+-----
Fighting       | 7 9 10 12 | 12.0
Axes           | |  1.7
Armour         | |  2.6
Shields        | |  2.6

Action                   |  1- 3 |  4- 6 || total
-------------------------+-------+-------++-------
Melee: War axe           |    21 |    18 ||    39
  Use: Potion            |     1 |     4 ||     5
Armor: Scale mail        |     8 |     4 ||    12
Dodge: Dodged            |     7 |     9 ||    16
Block: Buckler           |     3 |     6 ||     9

Table legend: (Time is in decaauts)
 A = Elapsed time spent in this place.
 B = Non-inter-level travel time spent in this place.
 C = Inter-level travel time spent in this place.
 D = Time resting spent in this place.
 E = Time spent auto-exploring this place.
 F = Levels seen in this place.
 G = Mean time per level.
                   A        B        C        D        E       F      G
               +--------+--------+--------+--------+--------+-----+--------+
         Total |    403 |    403 |      0 |    294 |      0 |   1 |  403.0 |
       Dungeon |    403 |    403 |      0 |    294 |      0 |   1 |  403.0 |
               +--------+--------+--------+--------+--------+-----+--------+

Top non-repeatable levels by time:
       D: 403 daAuts
